 Dungeon Crawl Stone Soup version 0.29-a0-553-g81b289dbe5 (webtiles) character file.

Game seed: 6190916990866254844

56349 KristoblXynda the Fencer (level 14, -3/133 HPs)
             Began as a Red Draconian Gladiator on June 7, 2022.
             Was the Champion of Cheibriados.
             Killed from afar by a starcursed mass (9 damage)
             ... with an accursed screaming
             ... while paralysed by accursed screaming
             ... on level 3 of the Abyss.
             The game lasted 00:29:07 (15137 turns).

KristoblXynda the Fencer (Red Draconian Gladiator) Turns: 15137, Time: 00:29:08

Health: -3/133     AC: 17    Str: 39      XL:     14   Next: 41%
Magic:  18/18      EV:  2    Int: 20 (23) God:    Cheibriados [******]
Gold:   788        SH:  0    Dex: 33      Spells: 10/13 levels left

rFire   + + +      SeeInvis .   M - +11 triple sword "Ciappas" {vamp, rF++ Str+5}
rCold   . . .      Faith    .   (shield currently unavailable)
rNeg    + . .      Spirit   .   (body armour unavailable)
rPois   .          Reflect  .   F - +2 hat {Stlth+}
rElec   .          Harm     .   r - scarf {repulsion}
rCorr   +          Rampage  .   A - +2 pair of gloves
Will    +....      Rnd*Tele +   (no boots)
Stlth   +++.......              s - amulet of regeneration
HPRegen 0.00/turn               l - +4 ring of protection
MPRegen 0.16/turn               z - ring "Milosoho" {rN+ rCorr Dex+6}

@: paralysed, about to teleport, sick, repel missiles, very slow
A: breathe fire, AC +8, unfitting armour, fire resistance 1, cold-blooded, dopey
2, [teleportitis 2]
a: Breathe Fire, Renounce Religion, Bend Time, Temporal Distortion, Slouch, Step
From Time


You were on level 3 of the Abyss.
You worshipped Cheibriados.
Cheibriados was exalted by your worship.
You visited 2 branches of the dungeon, and saw 16 of its levels.
You visited the Abyss 1 time.

You collected 944 gold pieces.
You spent 156 gold pieces at shops.

Inventory:

Hand Weapons
 H - a +7 scimitar of flaming
 M - the +11 triple sword "Ciappas" (weapon) {vamp, rF++ Str+5}
   (You acquired it on level 11 of the Dungeon)

   It occasionally heals its wielder for a portion of the damage dealt when it
   wounds a living foe.
   Str:       It affects your strength (+5).
   rF:        It greatly protects you from fire.
Missiles
 c - 5 throwing nets (quivered)
 d - 13 javelins
Armour
 r - a scarf of repulsion (worn)
 A - a +2 pair of gloves (worn)
 F - a +2 hat of stealth (worn)
Jewellery
 l - a +4 ring of protection (left hand)
 s - an amulet of regeneration (around neck)
 w - an amulet of the acrobat
 z - the ring "Milosoho" (right hand) {rN+ rCorr Dex+6}
   (You acquired it on level 8 of the Dungeon)

   [ring of resist corrosion]

   Dex:       It affects your dexterity (+6).
   rN:        It protects you from negative energy.
   rCorr:     It protects you from acid and corrosion.
 L - an amulet of reflection
Wands
 a - a wand of paralysis (6)
 o - a wand of mindburst (3)
 J - a wand of iceblast (3)
Scrolls
 e - 5 scrolls of teleportation
 g - a scroll of magic mapping
 i - a scroll of silence
 x - a scroll of poison
 y - a scroll of fog
 E - 2 scrolls of fear
 N - a scroll of summoning
Potions
 f - 6 potions of brilliance
 h - 5 potions of mutation
 j - 5 potions of attraction
 k - 4 potions of lignification
 p - 6 potions of curing
 q - 2 potions of cancellation
 t - a potion of invisibility
 v - a potion of magic
 B - a potion of ambrosia
 D - a potion of flight
 G - a potion of resistance
Miscellaneous
 b - a condenser vane
 C - a lightning rod (4/4)
 K - a phantom mirror


   Skills:
 + Level 14.9 Fighting
 + Level 15.3 Long Blades
 - Level 3.3 Throwing
 + Level 12.8 Dodging
 + Level 6.2 Invocations
 - Level 5.2 Evocations


You had 10 spell levels left.
You knew the following spells:

 Your Spells              Type           Power      Damage    Failure   Level
a - Inner Flame           Hex/Fire       0%         N/A       50%         3

Your spell library contained the following spells:

 Spells                   Type           Power      Damage    Failure   Level
 Apportation              Tloc           0%         N/A       19%         1
 Magic Dart               Conj           0%         1d3       19%         1
 Necrotize                Necr           0%         1d4       19%         1
 Summon Small Mammal      Summ           0%         N/A       19%         1
 Call Imp                 Summ           0%         N/A       28%         2
 Sublimation of Blood     Necr           0%         N/A       28%         2
 Call Canine Familiar     Summ           0%         N/A       50%         3
 Mephitic Cloud           Conj/Pois/Air  0%         N/A       50%         3
 Ozocubu's Armour         Ice            0%         N/A       50%         3
 Portal Projectile        Hex/Tloc       0%         N/A       50%         3
 Summon Guardian Golem    Hex/Summ       0%         N/A       50%         3
 Cause Fear               Hex            0%         N/A       88%         4
 Leda's Liquefaction      Hex/Erth       0%         N/A       88%         4
 Petrify                  Tmut/Erth      0%         N/A       88%         4
 Alistair's Intoxication  Tmut/Pois      0%         N/A       99%         5
 Borgnjor's Vile Clutch   Necr/Erth      0%         N/A       99%         5
 Fireball                 Conj/Fire      0%         3d3       99%         5
 Irradiate                Conj/Tmut      0%         3d13      99%         5
 Metabolic Englaciation   Hex/Ice        0%         N/A       99%         5
 Eringya's Noxious Bog    Tmut/Pois      0%         N/A       100%        6
 Simulacrum               Ice/Necr       0%         N/A       100%        6
 Starburst                Conj/Fire      0%         6d3       100%        6
 Discord                  Hex            0%         N/A       100%        8
 Ignition                 Fire           0%         3d3       100%        8


Dungeon Overview and Level Annotations

Branches:
Dungeon (15/15)            Temple (1/1) D:7            Lair (0/6) D:8
    Orc (0/2) D:12         Vaults (0/5) D:14
 Depths: D:15

Altars:
Ashenzari
Cheibriados
Dithmenos
Elyvilon
Fedhas
Gozag
Hepliaklqana
Kikubaaqudgha
Makhleb
Nemelex Xobeh
Okawaru
Qazlal
Ru
Sif Muna
Trog
Uskayaw
Vehumet
Wu Jian
Xom
Yredelemnul
Zin
The Shining One

Shops:
D:10 (*

Annotations:
D:14 3 runed translucent doors


Innate Abilities, Weirdness & Mutations

You can breathe blasts of fire.
Your fiery red scales are hard. (AC +8)
You cannot fit into any form of body armour.
Your flesh is heat resistant. (rF+)
You are cold-blooded and may be slowed by cold attacks.
You are very dopey. (Int -4)
[You are sometimes teleported next to monsters.]


Message History

Unknown command.
You slash the hellephant!
The hellephant is moderately wounded.
A starcursed mass splits.
The worldbinder completely misses you. The worldbinder misses you.
The merfolk impaler zombie completely misses you.
The hellephant blinks!
The merfolk impaler zombie hits you!
* * * LOW HITPOINT WARNING * * *
A starcursed mass splits.
The skeletal warrior closely misses you.
You slash the worldbinder!
The worldbinder is moderately damaged.
The worldbinder completely misses you.
The worldbinder hits you but does no damage.
A starcursed mass splits.
The worldbinder completely misses you. x2
The merfolk impaler zombie closely misses you.
The skeletal warrior hits you with a +0 broad axe!
* * * LOW HITPOINT WARNING * * *
Okay, then.
Unknown command.
As you read the scroll of fear, it crumbles to dust.
You assume a fearsome visage.
The starcursed mass is unaffected. x2
The skeletal warrior is unaffected.
The merfolk impaler zombie is unaffected.
The worldbinder is unaffected.
The hellephant resists with almost no effort.
The skeletal warrior is unaffected.
The starcursed mass is unaffected. x3
The freezing wraith is unaffected.
The starcursed mass is unaffected. x4
A cacophony of accursed wailing tears at your sanity!
* * * LOW HITPOINT WARNING * * *
You suddenly lose the ability to move!
The worldbinder hits you.
* * * LOW HITPOINT WARNING * * *
The worldbinder hits you but does no damage.
The merfolk impaler zombie hits you but does no damage.
The skeletal warrior hits you with a +0 broad axe!
* * * LOW HITPOINT WARNING * * *
The worldbinder hits you but does no damage.
The worldbinder completely misses you.
A cacophony of accursed wailing tears at your sanity!
You die...

.... . .... ....
..... ............. .
.............. ...
..... #......##. . .
.....##......##.. .
.....................
.................. ..
. ......zxzW....... .
#......@..........
#.......Z........
.........XYXX......
.....##.X....##... .
. .....##XXX...# ..
..... .XX...... . ...
........... #.
........... .
............


You could see a hellephant, 9 starcursed masses, 2 skeletal warriors, a freezing
wraith (summoned), a worldbinder and a merfolk impaler zombie.

Vanquished Creatures
  A sphinx (D:14)
  Gastronok (D:8)
  A tengu reaver (D:14)
  A frost giant (D:14)
  A cacodemon (Abyss:3)
  A deep elf annihilator (D:14)
  A yellow draconian (Abyss:3)
  Josephine (D:14)
  5 boulder beetles
  2 hydras
  3 vault guards (D:14)
  3 catoblepae
  Erica (D:8)
  An ogre mage (D:15)
  7 centaur warriors
  7 two-headed ogres
  4 tengu warriors
  A thrashing horror (Abyss:3)
  3 large abominations (Abyss:3)
  A spatial maelstrom (Abyss:3)
  2 wretched stars (Abyss:3)
  A deep elf archer (D:9)
  A harpy (shapeshifter) (D:10)
  2 wizards
  3 deep elf pyromancers (D:14)
  8 manticores
  A wolf spider (D:14)
  8 ugly things
  4 cyclopes
  A guardian serpent (shapeshifter) (D:14)
  A gargoyle (D:12)
  A kobold demonologist (D:10)
  A yaktaur (D:14)
  Maggie (D:6)
  An ancient zyme (Abyss:3)
  2 unseen horrors (D:13)
  2 freezing wraiths (D:14)
  4 tengu conjurers
  4 trolls
  A meliai (D:14)
  A queen bee (D:8)
  A queen bee (shapeshifter) (D:10)
  A tarantella (shapeshifter) (D:14)
  10 slime creatures
  A flying skull (Abyss:3)
  Sigmund (D:4)
  Eustachio (D:4)
  A human (shapeshifter) (D:14)
  8 wraiths
  2 wyverns (D:10)
  25 yaks
  A steam dragon (D:9)
  24 vampire mosquitoes
  A neqoxec (Abyss:3)
  2 small abominations (Abyss:3)
  A spatial vortex (Abyss:3)
  Edmund (D:6)
  4 acid dragons
  Duvessa (D:4)
  2 water moccasins
  4 orc warriors
  A black bear (D:7)
  A sky beast (D:8)
  2 boggarts (D:14)
  3 ogres
  6 centaurs
  A phantom (D:4)
  A kobold brigand (D:9)
  7 bullfrogs
  2 necrophages
  2 scorpions
  5 wights
  Dowan (D:4)
  25 killer bees
  8 howler monkeys
  11 starcursed masses (Abyss:3)
  3 hounds
  A jelly (D:5)
  7 orc priests
  A gnoll shaman (D:9)
  2 iguanas
  18 orc wizards
  8 gnolls (D:6)
  7 adders
  A shadow imp (D:7)
  A white imp (D:7)
  3 dart slugs
  49 orcs
  5 bats
  6 endoplasms
  2 giant cockroaches (D:4)
  9 goblins
  11 hobgoblins
  10 jackals
  4 quokkas
  4 ball pythons
  3 frilled lizards
  16 kobolds
  6 rats
441 creatures vanquished.

Vanquished Creatures (others)
  A centaur (D:13)
  A starcursed mass (Abyss:3)
  12 fungi (D:8)
  44 plants
58 creatures vanquished.

Grand Total: 499 creatures vanquished

Notes
Turn   | Place    | Note
-------+----------+-------------------------------------------
     0 | D:1      | KristoblXynda the Draconian Gladiator began the quest for
                  | the Orb.
     0 | D:1      | Reached XP level 1. HP: 17/17 MP: 1/1
   616 | D:1      | Reached XP level 2. HP: 25/25 MP: 2/2
   750 | D:1      | Found a faded altar of an unknown god.
  1193 | D:2      | Reached XP level 3. HP: 30/30 MP: 3/3
  1851 | D:2      | Reached skill level 4 in Long Blades
  1851 | D:2      | Reached XP level 4. HP: 30/38 MP: 4/4
  2615 | D:3      | Reached XP level 5. HP: 32/45 MP: 5/5
  2788 | D:3      | Noticed a water moccasin
  2805 | D:3      | Killed a water moccasin
  2806 | D:3      | Reached skill level 5 in Long Blades
  3516 | D:4      | Noticed Duvessa
  3517 | D:4      | Noticed Dowan
  3525 | D:4      | Killed Duvessa
  3526 | D:4      | Reached XP level 6. HP: 34/52 MP: 6/6
  3540 | D:4      | Killed Dowan
  3635 | D:4      | Reached skill level 6 in Long Blades
  3635 | D:4      | Your scales start taking on a fiery red colour.
  3635 | D:4      | Reached XP level 7. HP: 49/60 MP: 7/7
  3635 | D:4      | Gained mutation: Your flesh is heat resistant. (rF+) [Red
                  | Draconian growth]
  3787 | D:4      | Noticed Sigmund
  3793 | D:4      | Killed Sigmund
  3794 | D:4      | Reached skill level 5 in Fighting
  3900 | D:4      | Noticed Eustachio
  3933 | D:4      | Killed Eustachio
  3934 | D:4      | Reached skill level 7 in Long Blades
  3934 | D:4      | Reached XP level 8. HP: 56/69 MP: 8/8
  4015 | D:4      | Reached skill level 5 in Dodging
  4614 | D:5      | Entered Level 5 of the Dungeon
  4742 | D:5      | Identified the +0 dagger "Lustika" {pain, rElec}
  5053 | D:5      | Found a white marble altar of Elyvilon.
  5275 | D:5      | Found a bloodstained altar of Trog.
  5297 | D:5      | Gained mutation: You have a somewhat thin skeletal
                  | structure. (Dex +2, Stealth+) [potion of mutation]
  5297 | D:5      | Gained mutation: You have sharp fingernails. [potion of
                  | mutation]
  5330 | D:6      | Reached skill level 8 in Long Blades
  5466 | D:6      | Noticed Edmund
  5477 | D:6      | Killed Edmund
  5612 | D:6      | Identified the +1 ring mail "Ulyonod" {rElec}
  5679 | D:6      | Noticed Maggie
  5683 | D:6      | Found a hide-covered altar of Uskayaw.
  5690 | D:6      | Killed Maggie
  5691 | D:6      | Reached skill level 9 in Long Blades
  5691 | D:6      | Reached XP level 9. HP: 55/78 MP: 9/9
  5718 | D:6      | Learned a level 3 spell: Inner Flame
  6066 | D:6      | Found a stormy altar of Qazlal.
  6067 | D:6      | Found a blossoming altar of Fedhas.
  6069 | D:6      | Found a glowing golden altar of the Shining One.
  6070 | D:6      | Found a sacrificial altar of Ru.
  6127 | D:7      | Noticed a two-headed ogre
  6138 | D:7      | Killed a two-headed ogre
  6139 | D:7      | Reached skill level 10 in Long Blades
  6414 | D:7      | Found a staircase to the Ecumenical Temple.
  6425 | Temple   | Entered the Ecumenical Temple
  6726 | Temple   | Became a worshipper of Cheibriados the Contemplative
  6869 | D:7      | Reached skill level 1 in Invocations
  7722 | D:8      | Identified a scroll of acquirement
  7722 | D:8      | Acquired the ring "Milosoho" {rN+ rCorr Dex+6}
  7917 | D:8      | Reached * piety under Cheibriados
  7934 | D:8      | Noticed a two-headed ogre
  7953 | D:8      | Noticed Gastronok
  7955 | D:8      | Killed a two-headed ogre
  7956 | D:8      | Reached XP level 10. HP: 82/90 MP: 10/12
  8390 | D:8      | Paralysed by an orc warrior for 2 turns
  8471 | D:8      | Killed Gastronok
  8498 | D:8      | Found a staircase to the Lair.
  8529 | D:8      | Noticed Erica
  8559 | D:8      | Killed Erica
  8560 | D:8      | Reached skill level 11 in Long Blades
  8560 | D:8      | Reached skill level 5 in Invocations
  8894 | D:8      | Reached ** piety under Cheibriados
  8895 | D:8      | Reached skill level 1 in Evocations
  9070 | D:9      | Reached XP level 11. HP: 75/97 MP: 14/14
  9376 | D:9      | Reached *** piety under Cheibriados
  9377 | D:9      | Reached skill level 10 in Fighting
  9406 | D:9      | Found an opulent altar of Gozag.
  9637 | D:9      | Found a runed translucent door.
  9645 | D:9      | Noticed a boulder beetle
  9657 | D:9      | Killed a boulder beetle
  9657 | D:9      | Noticed a centaur warrior
  9664 | D:9      | Killed a centaur warrior
  9668 | D:9      | Noticed a deep elf archer
  9687 | D:9      | Killed a deep elf archer
  9880 | D:10     | Entered Level 10 of the Dungeon
  9945 | D:10     | Reached skill level 12 in Long Blades
 10125 | D:10     | Noticed a two-headed ogre
 10134 | D:10     | Killed a two-headed ogre
 10135 | D:10     | Reached skill level 5 in Evocations
 10138 | D:10     | Reached **** piety under Cheibriados
 10177 | D:10     | Noticed a tengu warrior
 10185 | D:10     | Killed a tengu warrior
 10193 | D:10     | Reached XP level 12. HP: 90/110 MP: 15/15
 10199 | D:10     | Noticed a centaur warrior
 10203 | D:10     | Killed a centaur warrior
 10362 | D:10     | Found Imaifref's Neck Hole.
 10383 | D:10     | Bought a scarf of repulsion for 156 gold pieces
 10563 | D:10     | Found Gocobam's Weapon Shop.
 10709 | D:10     | Found an iron altar of Okawaru.
 11138 | D:11     | Acquired the +11 triple sword "Ciappas" {vamp, rF++ Str+5}
 11402 | D:11     | Noticed a boulder beetle
 11409 | D:11     | Killed a boulder beetle
 11410 | D:11     | Reached skill level 10 in Dodging
 11549 | D:12     | Noticed a boulder beetle
 11566 | D:12     | Killed a boulder beetle
 11585 | D:12     | Found a staircase to the Orcish Mines.
 11618 | D:12     | Reached ***** piety under Cheibriados
 11741 | D:12     | Noticed a boulder beetle
 11747 | D:12     | Killed a boulder beetle
 11748 | D:12     | Reached skill level 13 in Long Blades
 12127 | D:13     | Noticed a seven-headed hydra
 12127 | D:13     | Noticed a tengu warrior
 12138 | D:13     | Killed a tengu warrior
 12169 | D:13     | Killed a three-headed hydra
 12179 | D:13     | Noticed a catoblepas
 12190 | D:13     | Noticed a catoblepas
 12191 | D:13     | Reached XP level 13. HP: 119/119 MP: 16/16
 12729 | D:13     | Reached skill level 14 in Long Blades
 12914 | D:14     | Noticed Josephine
 12923 | D:14     | Killed Josephine
 13101 | D:14     | Reached ****** piety under Cheibriados
 13446 | D:14     | Noticed a sphinx
 13446 | D:14     | Noticed a deep elf annihilator
 13467 | D:14     | Noticed a tengu reaver
 13472 | D:14     | Noticed a frost giant
 13574 | D:14     | Found a runed translucent door.
 13574 | D:14     | Noticed a merfolk impaler
 13579 | D:14     | Found a runed translucent door.
 13592 | D:14     | Found a runed translucent door.
 13637 | D:14     | Found a gate to the Vaults.
 13834 | D:14     | Paralysed by a sphinx for 2 turns
 13838 | D:14     | Killed a sphinx
 14004 | D:14     | Found the +5 glaive of the Guard {elec, spectral, AC+5}
 14014 | D:14     | Reached XP level 14. HP: 128/133 MP: 17/17
 14095 | D:14     | Killed a tengu reaver
 14101 | D:14     | Reached skill level 15 in Long Blades
 14156 | D:14     | Killed a frost giant
 14752 | D:15     | Entered Level 15 of the Dungeon
 14787 | D:15     | Cast into level 2 of the Abyss (a wizard)
 14882 | Abyss:3  | Noticed a starcursed mass
 14912 | Abyss:3  | Gained mutation: Your body sometimes deteriorates upon
                  | taking damage. [a neqoxec]
 15018 | Abyss:3  | Lost mutation: You have sharp fingernails. [potion of
                  | mutation]
 15018 | Abyss:3  | Lost mutation: You have a somewhat thin skeletal structure.
                  | (Dex +2, Stealth+) [potion of mutation]
 15018 | Abyss:3  | Lost mutation: Your body sometimes deteriorates upon taking
                  | damage. [potion of mutation]
 15038 | Abyss:3  | Noticed a tentacled starspawn
 15052 | Abyss:3  | Noticed a cacodemon
 15086 | Abyss:3  | Noticed a bone dragon
 15118 | Abyss:3  | Gained mutation: You are dopey. (Int -2) [a cacodemon]
 15120 | Abyss:3  | Noticed a hellephant
 15121 | Abyss:3  | Gained mutation: You are very dopey. (Int -4) [a cacodemon]
 15123 | Abyss:3  | Killed a cacodemon
 15128 | Abyss:3  | Noticed a starcursed mass
 15136 | Abyss:3  | Paralysed by accursed screaming for 2 turns
 15136 | Abyss:3  | HP: 6/133 [skeletal warrior/+0 broad axe[a worldbinder]
                  | (10)]
 15137 | Abyss:3  | Killed from afar by a starcursed mass

Illustrated notes

Levels and vault maps discovered:
D:1:      wander_arrival_lonely_grave, layout_basic,
          ebering_ecumenical_altar_box, hangedman_abyss_or_decor_stabs
D:2:      layout_basic, serial_park_tiny_2, hangedman_decor_push
D:3:      layout_loops_ring, st_stairs_4, minmay_misc_feat_diagonals,
          grunt_ministairs_13, nicolae_concentric_dashed_squares_mild,
          wad_orctagon
D:4:      layout_basic, uniq_duvessa, uniq_eustachio, uniq_sigmund
D:5:      layout_loops_ring, mainiacjoe_overflow_swirl, minmay_liquid_box,
          item_on_display_a
D:6:      layout_rooms, nicolae_uskayaw_suspiria, minitemple,
          kennysheep_generic_room_2, uniq_maggie, uniq_edmund
D:7:      layout_basic, minmay_temple_entry_large_hall, st_stairs_8,
          dreamdust_princess_corridor, serial_bayou_pond_d,
          ebering_dispersal_statue_hall
D:8:      layout_rooms, grunt_lair_entry_orc_guard_hut,
          chequers_serial_rivers_small_b, nicolae_looking_at_the_future,
          uniq_erica, uniq_gastronok
D:9:      minmay_evil_eye, layout_rooms, nicolae_gozag_seed_capital,
          minivault_13
D:10:     minmay_the_grid_triangle_9x9_rhombus_thin
          [minmay_the_grid_triangle_9x9_impossible_snake,
          minmay_the_grid_triangle_9x9_prize_insulated,
          minmay_the_grid_triangle_9x9_corrupted_corridor,
          minmay_the_grid_triangle_9x9_sparse_checkered], layout_long_grid,
          mainiacjoe_overflow_alcove_4, serial_shops, shop_fountains,
          nicolae_shop_sticking_my_neck_out
D:11:     layout_cave_pools, corexii_corridor_pit
D:12:     layout_roguey, orc_0_dummy
D:13:     nzn_motion_control, layout_rooms, chequers_serial_rivers_marsh,
          small_chamber_with_monster
D:14:     minmay_guarded_unrand_guard, layout_long_grid,
          lightli_vaults_fourway_checkpoint, serial_bayou_shore_b,
          mikee_hates_you, uniq_josephine
D:15:     grunt_enter_depths_hoard, layout_cross, ashenzari_conservatory_becter,
          muffindrake_ghost_dual_entry
Temple:   nicolae_temple_figure_eight
Abyss:3:  base: D:3, minivault_13, minivault_13

Skill      XL: |  1  2  3  4  5  6  7  8  9 10 11 12 13 14 |
---------------+-------------------------------------------+-----
Throwing       | 2 3 |  3.3
Dodging        | 3 4 6 7 8 9 10 12 | 12.8
Fighting       | 3 4 5 6 8 9 11 12 14 | 14.9
Long Blades    | 4 5 6 7 9 10 11 12 13 14 15 | 15.3
Invocations    | 3 5 6 |  6.2
Evocations     | 1 5 |  5.2

Action                   |  1- 3 |  4- 6 |  7- 9 | 10-12 | 13-15 || total
-------------------------+-------+-------+-------+-------+-------++-------
Melee: Long sword        |   157 |   142 |   230 |    39 |       ||   568
       Tailslap          |     8 |    20 |    41 |    96 |    67 ||   232
       Punch             |     1 |     1 |     6 |     9 |     6 ||    23
       Rapier            |       |       |   133 |       |       ||   133
       Scimitar          |       |       |       |   452 |   375 ||   827
       Triple sword      |       |       |       |       |    18 ||    18
Throw: Throwing net      |       |     1 |       |       |       ||     1
 Abil: Breathe Fire      |       |       |     7 |     6 |     4 ||    17
Evoke: Wand              |       |       |     1 |     5 |    11 ||    17
  Use: Scroll            |       |     1 |    12 |    21 |     8 ||    42
       Potion            |       |       |     3 |     4 |     3 ||    10
 Stab: Sleeping          |     1 |       |     5 |    12 |     5 ||    23
       Distracted        |     1 |       |       |       |     2 ||     3
       Paralysed         |       |       |    10 |    10 |     4 ||    24
       Petrified         |       |       |       |     4 |     8 ||    12
       Petrifying        |       |       |       |     1 |       ||     1
Armor: Skin              |    88 |    66 |   223 |   182 |   158 ||   717
Dodge: Dodged            |   126 |    75 |   343 |   714 |   580 ||  1838
       Repelled          |       |       |       |     1 |     1 ||     2

Table legend: (Time is in decaauts)
 A = Elapsed time spent in this place.
 B = Non-inter-level travel time spent in this place.
 C = Inter-level travel time spent in this place.
 D = Time resting spent in this place.
 E = Time spent auto-exploring this place.
 F = Levels seen in this place.
 G = Mean time per level.
                   A        B        C        D        E       F      G
               +--------+--------+--------+--------+--------+-----+--------+
         Total |  18315 |  17712 |    603 |   3600 |   9919 |  18 | 1017.5 |
       Dungeon |  17519 |  16954 |    565 |   3458 |   9687 |  15 | 1167.9 |
        Temple |    341 |    303 |     38 |      0 |    202 |   1 |  341.0 |
         Abyss |    454 |    454 |      0 |    142 |     30 |   2 |  227.0 |
               +--------+--------+--------+--------+--------+-----+--------+

Top non-repeatable levels by time:
    D:14: 2598 daAuts
    D:10: 1687 daAuts
     D:8: 1548 daAuts
     D:7: 1463 daAuts
     D:3: 1429 daAuts
     D:9: 1235 daAuts
     D:1: 1201 daAuts
    D:13: 1158 daAuts
     D:4: 1104 daAuts
     D:2: 938 daAuts
     D:6: 816 daAuts
    D:11: 811 daAuts
    D:12: 808 daAuts
     D:5: 683 daAuts
 Abyss:3: 359 daAuts
